 Dungeon Crawl Stone Soup version 0.32-a0-818-gb728d0252e (webtiles) character file.

Game seed: 9341109044221887510

1291 cforsyth the Caller (level 8, -2/67 HPs)
             Began as a Mountain Dwarf Summoner on Mar 24, 2024.
             Slain by a water moccasin (8 damage)
             ... on level 5 of the Dungeon.
             The game lasted 00:14:55 (7020 turns).

cforsyth the Caller (Mountain Dwarf Summoner)       Turns: 7020, Time: 00:14:56

Health: -2/67      AC:  8    Str: 10    XL:     8   Next: 30%
Magic:  14/14      EV:  9    Int: 19    God:
Gold:   287        SH:  0    Dex: 16    Spells: 9/15 levels left

rFire   . . .        r - +2 sling (flame)
rCold   . . .        (no shield)
rNeg    . . .        q - +1 ring mail {Will+}
rPois   .            (no helmet)
rElec   .            y - +0 cloak
rCorr   .            (no gloves)
SInv    .            (no boots)
Will    +....        (no amulet)
Stlth   ++           D - +6 ring of dexterity
HPRegen 0.31/turn    Y - +4 ring of slaying
MPRegen 0.14/turn

%: no passive effects
@: mighty, lethally poisoned (-2 -> -6)
A: runic magic, artefact enchanting
a: no special abilities


You were on level 5 of the Dungeon.
You visited 1 branch of the dungeon, and saw 6 of its levels.

You collected 287 gold pieces.


Innate Abilities, Weirdness & Mutations

Your spellcasting is much less encumbered by armour.
You can use scrolls of enchantment on lesser artefacts.


   Skills:
 + Level 4.7 Fighting
 + Level 4.6 Armour
 - Level 1.3 Dodging
 - Level 2.7 Stealth
 + Level 4.1 Spellcasting
 + Level 6.0 Summonings
 + Level 3.8 Fire Magic


You had 9 spell levels left.
You knew the following spells:

 Your Spells              Type           Power      Damage    Failure   Level
c - Call Imp              Summ           52%        N/A       2%          2
f - Call Canine Familiar  Summ           26%        N/A       4%          3
z - Summon Small Mammal   Summ           100%       N/A       1%          1

Your spell library contained the following spells:

 Spells                   Type           Power      Damage    Failure   Level
 Foxfire                  Conj/Fire      44%        2x1d6     8%          1
 Slow                     Hex            12%        N/A       17%         1
 Summon Blazeheart Golem  Fire/Summ      22%        N/A       22%         4
 Summon Lightning Spire   Summ/Air       15%        N/A       43%         4
 Confusing Touch          Hex            3%         N/A       45%         3
 Vampiric Draining        Necr           3%         2d6       45%         3
 Plasma Beam              Fire/Air       5%         2x1d16    100%        6
 Starburst                Conj/Fire      5%         6d4       100%        6

Inventory:

Hand Weapons
 r - a +2 sling of flaming (weapon)
Armour
 q - a +1 ring mail of willpower (worn)
 y - a +0 cloak (worn)
Magical Staves
 p - a staff of air {!a}
Jewellery
 D - a +6 ring of dexterity (left hand)
 Y - a +4 ring of slaying (right hand)
Wands
 t - a wand of iceblast (6)
Scrolls
 c - 9 scrolls of identify {unknown}
 d - 4 scrolls of teleportation {unknown}
 h - 2 scrolls of fear {unknown}
 j - 3 scrolls of amnesia {unknown}
 k - a scroll of brand weapon {unknown}
 l - a scroll of enchant weapon {unknown}
 m - a scroll of fog {unknown}
 n - a scroll of blinking {unknown}
 v - a scroll of summoning {unknown}
 w - a scroll of torment {unknown}
 z - 3 scrolls of vulnerability {unknown}
Potions
 a - a potion of attraction {unknown}
 b - a potion of magic
 e - 2 potions of haste {unknown}
 f - a potion of might
 g - a potion of heal wounds {unknown}
 i - a potion of lignification {unknown}
 o - a potion of mutation {unknown}
 s - a potion of resistance {unknown}
 u - 2 potions of curing {unknown}
 x - 2 potions of degeneration {unknown}

Dungeon Overview and Level Annotations

Branches:
Dungeon (6/15)             Temple (0/1) D:4

Altars:

Annotations:
D:4 1 runed translucent door, greenreed's ghost, amateur CoHs

############ #..........#
#......o...#
#....Y@....##########
######....)[S...#...#....###
#.........#.................
#.........#.#####...#....###
#.........#[# #...#....# #
#......^..#.## #...#....# #
#............# #####....# #
###########(.# #....# #
#.....##..# #....# #


You could see a water moccasin, an ice beast and an orc.


Message History

There is a stone staircase leading up here.
Unknown command.
Unknown command.
Unknown command.
The water moccasin bites you!
You are poisoned.
The water moccasin poisons you! The orc hits you with a +0 mace.
* * * LOW HITPOINT WARNING * * *
The orc priest invokes the aid of Beogh against you.
Beogh smites you!
* * * LOW HITPOINT WARNING * * *
The ice beast misses you. The water moccasin bites you.
* * * LOW HITPOINT WARNING * * *
You climb upwards.
* * * LOW HITPOINT WARNING * * *
You feel very sick.
There is a stone staircase leading down here.
Unknown command.
Unknown command.
Unknown command.
Okay, then.
Okay, then.
Okay, then.
Unknown command.
It was a potion of might.
You feel very mighty all of a sudden.
* * * LOW HITPOINT WARNING * * *
You feel sick. The orc hits you but does no damage.
The ice beast closely misses you. The water moccasin bites you!
You die...

Skill      XL: |  1  2  3  4  5  6  7  8 |
---------------+-------------------------+-----
Spellcasting   | 2 3 4 |  4.1
Fighting       | 1 2 3 4 |  4.7
Armour         | 1 2 3 4 |  4.6
Stealth        | 2 |  2.7
Summonings     | 5 6 |  6.0
Fire Magic     | 1 3 |  3.8
Dodging        | |  1.3

Action                     |  1- 3 |  4- 6 |  7- 9 || total
---------------------------+-------+-------+-------++-------
  Melee: Unarmed           |    64 |    16 |       ||    80
   Fire: Sling             |       |    19 |    81 ||   100
   Cast: Summon Small Mamm |    47 |    30 |     5 ||    82
         Call Imp          |    19 |    23 |     9 ||    51
         Call Canine Famil |       |    19 |     7 ||    26
  Evoke: Wand              |       |       |     2 ||     2
    Use: Potion            |       |       |     1 ||     1
   Stab: Distracted        |       |     2 |       ||     2
 Armour: Robe              |    60 |    35 |       ||    95
         Ring mail         |       |     6 |    51 ||    57
  Dodge: Dodged            |    49 |    41 |    43 ||   133

Levels and vault maps discovered:
D:1:      nicolae_arrival_somewhat_less_tricky_arrival, layout_loops_ring,
          minmay_misc_feat_columns
D:2:      layout_loops_corners, shapermc_ecumenical_altar_notcrosses
D:3:      layout_basic
D:4:      layout_basic, minmay_temple_entry_stoned_glass, ebering_ghost_sewer_d,
          uniq_eustachio, uniq_ijyb, uniq_grinder
D:5:      kennysheep_slugbush, layout_basic
D:6:      cheibrodos_thug_alley, layout_basic, uniq_edmund

Notes
Turn   | Place    | Note
-------+----------+-------------------------------------------
     0 | D:1      | cforsyth the Mountain Dwarf Summoner began the quest for
                  | the Orb.
     0 | D:1      | Reached XP level 1. HP: 14/14 MP: 3/3
   190 | D:1      | Reached XP level 2. HP: 18/22 MP: 1/4
   212 | D:1      | Learned a level 2 spell: Call Imp
   243 | D:1      | Reached skill level 2 in Spellcasting
   745 | D:1      | Reached skill level 1 in Fighting
   745 | D:1      | Reached skill level 1 in Armour
   994 | D:1      | Reached XP level 3. HP: 28/28 MP: 1/6
  1469 | D:2      | Found a faded altar of an unknown god.
  1876 | D:2      | Reached skill level 2 in Stealth
  2063 | D:2      | Reached XP level 4. HP: 35/35 MP: 4/7
  2170 | D:2      | Learned a level 3 spell: Call Canine Familiar
  3005 | D:3      | Reached skill level 2 in Fighting
  3273 | D:3      | Reached skill level 2 in Armour
  3364 | D:3      | Reached XP level 5. HP: 41/41 MP: 2/8
  4639 | D:4      | Noticed Grinder
  4670 | D:4      | Killed Grinder
  4671 | D:4      | Reached skill level 3 in Fighting
  4671 | D:4      | Reached skill level 3 in Spellcasting
  4671 | D:4      | Reached XP level 6. HP: 51/51 MP: 1/10
  4759 | D:4      | Reached skill level 3 in Armour
  4759 | D:4      | Reached skill level 5 in Summonings
  4759 | D:4      | Reached skill level 1 in Fire Magic
  4843 | D:4      | Noticed Ijyb
  5031 | D:4      | Killed Ijyb
  5120 | D:4      | Found a staircase to the Ecumenical Temple.
  5281 | D:4      | Reached XP level 7. HP: 57/57 MP: 11/11
  5462 | D:4      | Found a runed translucent door.
  5463 | D:4      | Noticed Eustachio
  5480 | D:4      | Killed Eustachio
  5481 | D:4      | Reached skill level 2 in Fire Magic
  5539 | D:4      | Noticed greenreed's ghost (amateur CoHs)
  5707 | D:5      | Entered Level 5 of the Dungeon
  5717 | D:5      | Reached skill level 4 in Fighting
  6075 | D:5      | Reached skill level 4 in Armour
  6199 | D:5      | Reached skill level 3 in Fire Magic
  6201 | D:5      | Reached XP level 8. HP: 51/67 MP: 8/13
  6329 | D:5      | Reached skill level 4 in Spellcasting
  6543 | D:5      | Reached skill level 6 in Summonings
  7020 | D:5      | HP: 6/67 [poisoned by a water moccasin]
  7020 | D:5      | Slain by a water moccasin

Vanquished Creatures
  Eustachio (D:4)
  3 scorpions (D:5)
  A howler monkey (D:5)
  A hound (D:5)
  A jelly (D:4)
  2 iguanas (D:5)
  Ijyb (D:4)
  An adder (D:3)
  9 dart slugs
  A ribbon worm (D:4)
  7 orcs
  4 ball pythons
  2 endoplasms
  A giant cockroach (D:4)
  2 goblins
  3 hobgoblins (D:4)
  2 jackals (D:1)
  2 quokkas
  3 bats (D:1)
  A frilled lizard (D:2)
  2 kobolds
50 creatures vanquished.

Vanquished Creatures (collateral kills)
  Grinder (D:4)
  A water moccasin (D:5)
  2 black bears (D:4)
  A scorpion (D:5)
  A jelly (D:3)
  An orc priest (D:5)
  An iguana (D:2)
  5 adders
  A dart slug (D:1)
  A ribbon worm (D:4)
  2 orcs (D:5)
  8 ball pythons
  4 bats
  10 endoplasms
  A giant cockroach (D:1)
  3 goblins
  7 hobgoblins
  2 jackals (D:3)
  9 kobolds
  2 quokkas
  2 frilled lizards
  4 rats
69 creatures vanquished.

Grand Total: 119 creatures vanquished

Table legend: (Time is in decaauts)
 A = Elapsed time spent in this place.
 B = Non-inter-level travel time spent in this place.
 C = Inter-level travel time spent in this place.
 D = Time resting spent in this place.
 E = Time spent auto-exploring this place.
 F = Levels seen in this place.
 G = Mean time per level.
                   A        B        C        D        E       F      G
               +--------+--------+--------+--------+--------+-----+--------+
         Total |   7077 |   6891 |    186 |    934 |   4810 |   6 | 1179.5 |
       Dungeon |   7077 |   6891 |    186 |    934 |   4810 |   6 | 1179.5 |
               +--------+--------+--------+--------+--------+-----+--------+

Top non-repeatable levels by time:
     D:2: 1682 daAuts
     D:3: 1627 daAuts
     D:5: 1333 daAuts
     D:1: 1261 daAuts
     D:4: 1154 daAuts
     D:6: 18 daAuts

Table legend:
 A = Non-vault XP
 B = Vault XP
 C = Vault XP percentage of total XP
 D = Non-vault monster count
 E = Vault monster count
 F = Vault count percentage of total count
                 A         B        C        D         E       F
            +---------+---------+-------+---------+---------+-------
      Total |    1322 |     523 |  28.3 |     109 |      10 |   8.4
            +---------+---------+-------+---------+---------+-------
        D:1 |      50 |       0 |   0.0 |      28 |       0 |   0.0
        D:2 |     112 |       0 |   0.0 |      23 |       0 |   0.0
        D:3 |      95 |       0 |   0.0 |      18 |       0 |   0.0
        D:4 |     341 |     495 |  59.2 |      20 |       3 |  13.0
        D:5 |     721 |      28 |   3.7 |      19 |       7 |  26.9
        D:6 |       3 |       0 |   0.0 |       1 |       0 |   0.0
            +---------+---------+-------+---------+---------+-------
